 Dungeon Sprint DCSS version 0.19.0-24-gb05acd6 (webtiles) character file.

2800000 Kadarus the Axe Maniac (level 24, -5/249 HPs)
             Began as a Ghoul Warper on Nov 22, 2016.
             Was the Champion of Makhleb.
             Slain by a destroyer
             ... wielding a +9 great sword of slicing
              (7 damage)
             ... in the Dungeon (Sprint VIII: "Arena of Blood").
             The game lasted 00:02:07 (28 turns).

Kadarus the Axe Maniac (Ghoul Warper)                 Turns: 28, Time: 00:02:08

Health: -5/249     AC:  6    Str: 18    XL:     24   Next: 4%
Magic:  22/53      EV: 32    Int:  8    God:    Makhleb [******]
Gold:   0          SH:  0    Dex: 16    Spells: 0 memorised, 77 levels left

rFire  . . .     SeeInvis .     k - +∞ Axe of Woe
rCold  + . .     Gourm    .     a - +0 leather armour
rNeg   + + +     Faith    .     (shield currently unavailable)
rPois  ∞         Spirit   .     (no helmet)
rElec  .         Reflect  .     (no cloak)
rCorr  .         Harm     .     (no gloves)
MR     +....     NoTele   +     (no boots)
Stlth  +++++++++.               (no amulet)
                                (no ring)
                                (no ring)

@: rotting
A: rotting body, claws 1, carnivore 3, cold resistance 1, negative energy
resistance 3, slow regeneration 1, torment resistance, unbreathing
a: Minor Destruction, Lesser Servant of Makhleb, Major Destruction, Greater
Servant of Makhleb, Renounce Religion


You were in the Dungeon.
You worshipped Makhleb.
Makhleb was exalted by your worship.
You were not hungry.

You visited 1 branch

Inventory:

Hand Weapons
 k - the +∞ Axe of Woe (weapon)
   (You found it in the Dungeon)
Missiles
 d - 5 tomahawks of dispersal (quivered)
Armour
 a - a +0 leather armour (worn)
Scrolls
 c - 2 scrolls of blinking
Potions
 e - a potion of curing
 g - a potion of heal wounds
 h - a potion of haste
 i - 2 potions of magic
 j - a potion of berserk rage
Books
 b - a book of Spatial Translocations

   Spells                             Type                      Level
   a - Blink                          Translocation                2
   b - Shroud of Golubria             Charms/Translocation         2
   c - Lesser Beckoning               Translocation                3
   d - Portal Projectile              Translocation                3
   e - Teleport Other                 Translocation                3
   f - Passage of Golubria            Translocation                4
Comestibles
 f - a meat ration


   Skills:
 O Level 27 Fighting
 O Level 27 Axes
 O Level 27 Throwing
 O Level 27 Armour
 O Level 27 Dodging
 O Level 27 Stealth
 O Level 27 Unarmed Combat
 O Level 27 Spellcasting
   Level 2.6 Translocations
 O Level 27 Invocations


You had 77 spell levels left.
You didn't know any spells.

Dungeon Overview and Level Annotations

Branches:
Dungeon (1/1)

Altars:
Makhleb


Innate Abilities, Weirdness & Mutations

Your body is rotting away.
You thrive on raw meat.
You are immune to poison.
You have sharp fingernails.
You are carnivorous and can eat meat at any time.
Your flesh is cold resistant. (rC+)
You are immune to negative energy. (rN+++)
You regenerate slowly when monsters are visible.
You are immune to unholy pain and torment.
You can survive without breathing.


Message History

You hit the meat berserker.
You chop the meat berserker into pieces.
You kill the meat berserker!
Makhleb accepts your kill.
You have reached level 24!
Your experience leads to an increase in your attributes!
Increase (S)trength, (I)ntelligence, or (D)exterity?
You feel agile.
You hear a shout! x4
An orc, an ogre and a vampire knight come into view.
The destroyer is wielding a +9 great sword of slicing.
Unknown command.
An orc and 2 vampire knights come into view.
A destroyer is wielding a +9 great sword of slicing.
A destroyer is wielding a +9 great sword of slicing.
You hear a shout! x3
The destroyer hits you with a +9 great sword of slicing!!!!!
Ouch! That really hurt!
* * * LOW HITPOINT WARNING * * *
x2 The destroyer bites you!
You die...

.......
....................#o
....................oOV
...............o...o#o.
#.......#......oO.oCoo
#.......#..o....o...##.
##.......###......o.....
....###.)V.....VO...###.
....._...)).)o).@...O...
.#.....#))).ooo#.#...V.
#_.<._#.....o..o.. .o.
#.....#......#o#.#.. C
....._...V......o.......
....###......O..#o#.#..#
##.. ....###......... .
#.. ....# ......V.... #.
....# ........


You could see 5 destroyers, 2 large bags of meat, 4 meat berserkers and 19 bags
of meat.

Vanquished Creatures
  15 ogres (D)
  14 orcs (D)
29 creatures vanquished.

Notes
Turn   | Place    | Note
-------+----------+-------------------------------------------
     0 | D        | Kadarus the Ghoul Warper began the quest for the Orb.
     0 | D        | Reached XP level 1. HP: 17/17 MP: 2/2
     2 | D        | Noticed a bag of meat
     3 | D        | Noticed a bag of meat
     3 | D        | Became a worshipper of Makhleb the Destroyer
     4 | D        | Noticed a bag of meat
     4 | D        | Noticed a meat berserker
     6 | D        | Noticed a bag of meat
     6 | D        | Noticed a meat berserker
     6 | D        | Noticed a meat berserker
     6 | D        | Noticed a bag of meat
     7 | D        | Noticed a bag of meat
     8 | D        | Noticed a bag of meat
     8 | D        | Killed a bag of meat
     8 | D        | Reached XP level 2. HP: 24/24 MP: 3/3
     8 | D        | Reached XP level 3. HP: 29/29 MP: 4/4
     8 | D        | Reached XP level 4. HP: 36/36 MP: 5/5
     8 | D        | Reached XP level 5. HP: 41/41 MP: 6/6
     8 | D        | Reached XP level 6. HP: 48/48 MP: 7/7
     8 | D        | Reached XP level 7. HP: 55/55 MP: 8/8
     8 | D        | Reached XP level 8. HP: 61/61 MP: 9/9
     8 | D        | Reached XP level 9. HP: 67/67 MP: 10/10
     8 | D        | Reached XP level 10. HP: 73/73 MP: 11/11
     8 | D        | Reached XP level 11. HP: 79/79 MP: 12/12
     8 | D        | Reached XP level 12. HP: 85/85 MP: 13/13
     9 | D        | Noticed a bag of meat
     9 | D        | Killed a meat berserker
     9 | D        | Reached * piety under Makhleb
     9 | D        | Reached skill level 27 in Axes
     9 | D        | Reached XP level 13. HP: 34/134 MP: 14/14
     9 | D        | Reached XP level 14. HP: 36/141 MP: 15/15
     9 | D        | Killed a bag of meat
     9 | D        | Killed a meat berserker
     9 | D        | Reached skill level 27 in Fighting
     9 | D        | Reached XP level 15. HP: 128/174 MP: 16/16
    10 | D        | Reached ** piety under Makhleb
    10 | D        | Reached XP level 16. HP: 182/183 MP: 17/17
    12 | D        | Noticed a meat berserker
    12 | D        | Killed a meat berserker
    12 | D        | Reached XP level 17. HP: 191/191 MP: 18/18
    15 | D        | Noticed a meat berserker
    15 | D        | Noticed a meat berserker
    15 | D        | Reached *** piety under Makhleb
    15 | D        | Reached skill level 27 in Dodging
    15 | D        | Reached skill level 5 in Armour
    15 | D        | Reached XP level 18. HP: 138/200 MP: 19/19
    16 | D        | Noticed a meat berserker
    16 | D        | Noticed a meat berserker
    16 | D        | Reached **** piety under Makhleb
    16 | D        | Killed a meat berserker
    16 | D        | Reached skill level 27 in Armour
    16 | D        | Reached XP level 19. HP: 207/207 MP: 20/20
    17 | D        | Noticed a meat berserker
    17 | D        | Noticed a meat berserker
    17 | D        | Noticed a meat berserker
    18 | D        | Noticed a meat berserker
    19 | D        | Noticed a meat berserker
    19 | D        | Killed a meat berserker
    19 | D        | Reached ***** piety under Makhleb
    19 | D        | Reached skill level 27 in Stealth
    19 | D        | Reached skill level 5 in Unarmed Combat
    20 | D        | Killed a meat berserker
    20 | D        | Reached skill level 10 in Throwing
    20 | D        | Reached skill level 10 in Spellcasting
    20 | D        | Reached XP level 20. HP: 216/216 MP: 20/33
    20 | D        | Killed a meat berserker
    20 | D        | Killed a meat berserker
    20 | D        | Reached skill level 15 in Spellcasting
    20 | D        | Reached XP level 21. HP: 224/224 MP: 20/39
    21 | D        | Noticed a meat berserker
    22 | D        | Noticed a meat berserker
    22 | D        | Noticed a meat berserker
    22 | D        | Killed a meat berserker
    23 | D        | Killed a meat berserker
    24 | D        | Killed a meat berserker
    24 | D        | Reached XP level 22. HP: 233/233 MP: 20/45
    24 | D        | Reached ****** piety under Makhleb
    24 | D        | Reached skill level 27 in Unarmed Combat
    24 | D        | Reached skill level 27 in Invocations
    25 | D        | Noticed a destroyer
    26 | D        | Reached XP level 23. HP: 240/240 MP: 21/51
    26 | D        | Reached skill level 27 in Throwing
    27 | D        | Noticed a destroyer
    27 | D        | Noticed a destroyer
    27 | D        | Reached skill level 27 in Spellcasting
    27 | D        | Reached XP level 24. HP: 249/249 MP: 21/53
    28 | D        | Noticed a destroyer
    28 | D        | Noticed a destroyer
    28 | D        | Noticed a destroyer
    28 | D        | HP: 2/249 [destroyer/+9 great sword of slicing (46)]
    28 | D        | Slain by a destroyer

Skill      XL: |  1  2  3  4  5  6  7  8  9 10 11 12 13 14 15 16 17 18 19 20 21 22 23 |
---------------+----------------------------------------------------------------------+-----
Axes           | 23 27 | 27.0
Fighting       | 17 27 | 27.0
Dodging        | 11 16 25 27 | 27.0
Armour         | 18 27 | 27.0
Stealth        | 13 27 | 27.0
Throwing       | 10 16 22 26 27 | 27.0
Unarmed Combat | 12 19 25 27 | 27.0
Spellcasting   | 10 15 20 25 27 | 27.0
Invocations    | 12 19 25 27 | 27.0
Translocations | |  2.6

Action                   |  1- 3 |  4- 6 |  7- 9 | 10-12 | 13-15 | 16-18 | 19-21 | 22-24 || total
-------------------------+-------+-------+-------+-------+-------+-------+-------+-------++-------
Melee: Executioner's axe |     1 |       |       |     1 |     1 |     3 |     5 |     2 ||    13
Dodge: Dodged            |       |       |       |       |       |     1 |       |       ||     1
